 Dungeon Crawl Stone Soup version 0.31-a0-233-g139696dc86 (webtiles) character file.

Game seed: 15568348699658836725

13954 qw the Skirmisher (level 12, -3/76 HPs)
             Began as a Gargoyle Hexslinger on July 8, 2023.
             Was a High Priest of Okawaru.
             Slain by a death yak (8 damage)
             ... on level 2 of the Lair of Beasts.
             The game lasted 00:03:29 (9428 turns).

qw the Skirmisher (Gargoyle Hexslinger)             Turns: 9428, Time: 00:03:30

Health: -3/76      AC: 22    Str: 14    XL:     12   Next: 11%
Magic:  13/18      EV: 16    Int: 13    God:    Okawaru [*****.]
Gold:   629        SH:  0    Dex: 16    Spells: 12/13 levels left

rFire   . . .        Y - +2 arbalest (chaos)
rCold   + . .        (shield currently unavailable)
rNeg    + . .        m - +0 troll leather armour
rPois   inf          (helmet restricted)
rElec   +            h - +0 cloak
rCorr   .            d - +2 pair of gloves {Stlth+}
SInv    .            a - +1 pair of boots
Will    .....        (no amulet)
Stlth   ++++         (no ring)
HPRegen 1.12/turn    (no ring)
MPRegen 0.16/turn

%: no passive effects
@: heroic, finesse-ful
A: sickness immunity, AC +8, negative energy resistance 1, electricity
resistance, torment resistance 1, petrification resistance, antennae 1, cold
resistance 1
a: Renounce Religion, Heroism, Finesse, Duel


You were on level 2 of the Lair of Beasts.
You worshipped Okawaru.
Okawaru was extremely pleased with you.
You visited 3 branches of the dungeon, and saw 13 of its levels.

You collected 779 gold pieces.
You spent 150 gold pieces at shops.


Innate Abilities, Weirdness & Mutations

You are immune to sickness and miasma.
Your stone body is resilient. (AC +8)
You are immune to poison.
You resist negative energy. (rN+)
You are resistant to electric shocks. (rElec)
You are resistant to unholy torment.
You are immune to petrification.
You have a pair of small antennae on your head.
Your flesh is cold resistant. (rC+)


   Skills:
 + Level 9.3(14.3) Fighting
 - Level 14.0(19.0) Ranged Weapons
 - Level 5.3(10.3) Armour
 - Level 4.0(9.0) Dodging
 - Level 1.0 Spellcasting
 - Level 2.6 Hexes
 + Level 8.3 Invocations


You had 12 spell levels left.
You knew the following spells:

 Your Spells              Type           Power      Damage    Failure   Level
a - Slow                  Hex            28%        N/A       11%         1

Your spell library contained the following spells:

 Spells                   Type           Power      Damage    Failure   Level
 Inner Flame              Hex/Fire       4%         N/A       50%         3
 Portal Projectile        Hex/Tloc       8%         N/A       50%         3
 Cause Fear               Hex            3%         N/A       73%         4

Inventory:

Hand Weapons
 Y - a +2 arbalest of chaos (weapon)
Armour
 a - a +1 pair of boots (worn)
 d - a +2 pair of gloves of stealth (worn)
 h - a +0 cloak (worn)
 m - a +0 troll leather armour (worn)
 q - a +1 robe of fire resistance
Jewellery
 i - a ring of fire
Wands
 g - a wand of digging (5)
Scrolls
 j - 4 scrolls of identify
 p - a scroll of immolation {unknown}
Potions
 b - a potion of resistance
 e - 4 potions of cancellation
 f - a potion of haste
 k - 10 potions of curing
 l - 2 potions of mutation
 n - 2 potions of might

Dungeon Overview and Level Annotations

Branches:
Dungeon (10/15)            Temple (1/1) D:4            Lair (2/5) D:10
  Swamp: Lair:2-3    Shoals: Lair:2-3     Snake: Lair:2-3    Spider: Lair:2-3
    Orc: D:9-12

Altars:
Ashenzari
Cheibriados
Dithmenos
Elyvilon
Fedhas
Gozag
Hepliaklqana
Kikubaaqudgha
Makhleb
Nemelex Xobeh
Okawaru
Qazlal
Ru
Sif Muna
Trog
Uskayaw
Vehumet
Wu Jian
Xom
Yredelemnul
Zin
The Shining One

Shops:
D:4 =?(!   D:9 *

Annotations:
Lair:1 1 runed translucent door, qw's ghost, journeyman MiHs


Message History

Enter note:
Enter note: You shoot a bolt.
The blink frog gives a loud, deep croak!
The bolt hits the black mamba!!
The black mamba looks as sick as possible!
The black mamba is severely wounded.
The black mamba barely misses you.
You shoot a bolt.
The bolt closely misses the black mamba.
The bolt hits the skyshark!!
The skyshark seems to slow down.
The skyshark is moderately wounded.
The death yak gores the death yak!
The black mamba barely misses you.
You shoot a bolt. The bolt hits the black mamba!!
The black mamba seems to slow down.
The bolt freezes the black mamba.
You kill the black mamba!
Okawaru accepts your kill.
The death yak gores the death yak.
Your Invocations skill increases to level 8!
You shoot a bolt. The bolt hits the death yak!
The death yak is lightly wounded.
You shoot a bolt. The bolt hits the skyshark!!
You feel better.
The skyshark is almost dead.
The death yak barely misses you.
You shoot a bolt. The bolt hits the skyshark!
You feel better.
You kill the skyshark!
Okawaru is honoured by your kill.
You can now enter into single combat with a foe.
Okawaru will now gift you equipment as you gain piety.
The blink frog blinks!
You shoot a bolt. The bolt hits the death yak!
The death yak is moderately wounded.
The death yak gores you.
You shoot a bolt. The bolt hits the death yak!!
The death yak is severely wounded.
You shoot a bolt.
The bolt hits the death yak but does no damage.
The death yak is severely wounded.
The death yak gores you! x2
You die...

. #.#..........#....
.8...##........#.......
. ..............##......
.! ..$..##......##.P....
.#.#..8.[.##..####......
..........##.8..####....
F...............# #..#
.8.ยค8..8# ###
..)....@Y.#.....#
...........#.8.##
###...8..###.##..
#......## ... ...
........# ... ....
..8..[.#. .... P..
.....## . ..... .


You could see 3 death yaks and a blink frog.

Vanquished Creatures
  A two-headed ogre (D:10)
  2 death yaks (Lair:2)
  A skyshark (Lair:2)
  An ugly thing (D:10)
  2 black mambas
  Maurice (D:9)
  Psyche (D:9)
  Maggie (D:9)
  3 cane toads (Lair:1)
  2 komodo dragons (Lair:1)
  A troll (D:10)
  Grinder (D:6)
  4 blink frogs
  9 yaks
  3 wyverns
  Eustachio (D:6)
  2 steam dragons
  Menkaure (D:5)
  6 water moccasins
  2 acid dragons
  A black bear (D:7)
  A sky beast (D:7)
  An ice beast (D:6)
  3 centaurs
  2 ogres (D:6)
  5 wolves (Lair:1)
  A phantom (D:6)
  3 kobold brigands
  10 bullfrogs
  2 gnoll sergeants (D:9)
  4 scorpions
  8 wights
  8 howler monkeys
  An electric eel (D:6)
  3 hounds
  4 jellies
  4 orc priests
  Jessica (D:2)
  8 iguanas
  2 sleepcaps
  Natasha (D:2)
  6 orc wizards
  Robin (D:2)
  10 gnolls (D:9)
  6 adders
  A shadow imp (D:7)
  2 ufetubi (D:6)
  5 dart slugs
  26 orcs
  6 endoplasms
  4 giant cockroaches (D:1)
  6 goblins
  8 hobgoblins
  8 jackals
  15 kobolds
  A quokka (D:2)
  5 ball pythons
  4 bats (D:3)
  3 frilled lizards
  4 rats
239 creatures vanquished.

Notes
Turn   | Place    | Note
-------+----------+-------------------------------------------
     0 | D:1      | qw the Gargoyle Hexslinger began the quest for the Orb.
     0 | D:1      | Reached XP level 1. HP: 12/12 MP: 2/2
     0 | D:1      | 0 ||| qw: Version: 0.3-a-46-gb1f654a
     0 | D:1      | 0 ||| qw: Game counter: 3748
     0 | D:1      | 0 ||| qw: Melee chars always use a shield: true
     0 | D:1      | 0 ||| qw: God list: Okawaru
     0 | D:1      | 0 ||| qw: Allow faded altars: false
     0 | D:1      | 0 ||| qw: Do Orc after clearing Dungeon:15 true
     0 | D:1      | 0 ||| qw: Do second Lair branch before Depths: true
     0 | D:1      | 0 ||| qw: Lair rune preference: random
     0 | D:1      | 0 ||| qw: Goals: Normal
     0 | D:1      | 0 ||| PLANNING D:1-11
    95 | D:1      | Reached XP level 2. HP: 16/16 MP: 3/3
   117 | D:1      | 117 ||| SWAPPING to +0 arbalest.
   119 | D:1      | 119 ||| DROPPING +1 sling.
   138 | D:1      | Reached skill level 3 in Ranged Weapons
   307 | D:1      | 307 ||| READING scroll labelled SUNEIBUPEL.
   308 | D:1      | 308 ||| READING scroll labelled BAGYVOG HAOS.
   337 | D:1      | 337 ||| FLEEEEING.
   738 | D:1      | 738 ||| UPGRADING to +0 leather armour.
   748 | D:1      | 748 ||| DROPPING +0 robe.
   749 | D:1      | 749 ||| DROPPING scroll of poison.
   850 | D:2      | Reached XP level 3. HP: 21/21 MP: 4/4
   851 | D:2      | Noticed Robin
   855 | D:2      | 855 ||| FLEEEEING.
   856 | D:2      | 856 ||| FLEEEEING.
   858 | D:2      | 858 ||| FLEEEEING.
   859 | D:2      | 859 ||| FLEEEEING.
   861 | D:2      | 861 ||| FLEEEEING.
   862 | D:2      | 862 ||| FLEEEEING.
   863 | D:2      | 863 ||| FLEEEEING.
   864 | D:2      | 864 ||| FLEEEEING.
   865 | D:2      | 865 ||| FLEEEEING.
   866 | D:2      | 866 ||| FLEEEEING.
   867 | D:2      | 867 ||| FLEEEEING.
   888 | D:2      | Killed Robin
   948 | D:2      | Found a blossoming altar of Fedhas.
   971 | D:2      | Noticed Jessica
   974 | D:2      | 974 ||| FLEEEEING.
   975 | D:2      | 975 ||| FLEEEEING.
   976 | D:2      | 976 ||| FLEEEEING.
   977 | D:2      | 977 ||| FLEEEEING.
   978 | D:2      | 978 ||| FLEEEEING.
   979 | D:2      | 979 ||| FLEEEEING.
   980 | D:2      | 980 ||| FLEEEEING.
   981 | D:2      | 981 ||| FLEEEEING.
   982 | D:2      | 982 ||| FLEEEEING.
   983 | D:2      | 983 ||| FLEEEEING.
   984 | D:2      | 984 ||| FLEEEEING.
   985 | D:2      | 985 ||| STAIRDANCE
  1087 | D:1      | 1087 ||| UPGRADING to +0 helmet.
  1092 | D:1      | 1092 ||| DRINKING 2 viscous grey potions.
  1122 | D:1      | 1122 ||| DROPPING potion of lignification.
  1128 | D:2      | Killed Jessica
  1129 | D:2      | Reached skill level 4 in Ranged Weapons
  1129 | D:2      | Reached XP level 4. HP: 26/26 MP: 5/5
  1637 | D:2      | Noticed Natasha
  1640 | D:2      | Killed Natasha
  1679 | D:2      | 1679 ||| UPGRADING to +0 cloak.
  1684 | D:2      | 1684 ||| READING scroll labelled ZUL XOLYUCIKKE.
  1685 | D:2      | 1685 ||| READING scroll labelled ZIUSIN XAEFACK.
  1686 | D:2      | 1686 ||| DRINKING 2 fuming blue potions.
  1806 | D:3      | Reached XP level 5. HP: 30/30 MP: 6/6
  1815 | D:3      | Reached skill level 5 in Ranged Weapons
  2351 | D:3      | 2351 ||| Stepping ~*~*~tactically~*~*~ (outnumbered).
  2354 | D:3      | Reached skill level 3 in Fighting
  2621 | D:3      | 2621 ||| READING scroll labelled HOKOMA RALY.
  2622 | D:3      | 2622 ||| DRINKING 3 dark potions.
  2645 | D:4      | Reached skill level 1 in Armour
  2645 | D:4      | Reached XP level 6. HP: 37/37 MP: 7/7
  2678 | D:4      | Found a staircase to the Ecumenical Temple.
  2679 | D:4      | 2679 ||| PLANNING TEMPLE
  2679 | D:4      | 2679 ||| UPGRADING to +0 ring mail.
  2689 | D:4      | 2689 ||| DROPPING +0 leather armour.
  2696 | Temple   | Entered the Ecumenical Temple
  2697 | Temple   | 2697 ||| PLANNING OKAWARU WORSHIP
  2702 | Temple   | Became a worshipper of Warmaster Okawaru
  2703 | Temple   | 2703 ||| PLANNING D:1-11
  2743 | D:4      | Reached skill level 6 in Ranged Weapons
  2766 | D:4      | Found a basalt altar of Yredelemnul.
  2819 | D:4      | Found Xuhuor's Distillery.
  2825 | D:4      | Found Pelereu's Weapon Shoppe.
  2829 | D:4      | Found Ejenysut's Jewellery Shoppe.
  2832 | D:4      | 2832 ||| BUYING 2 potions of curing (60 gold).
  2832 | D:4      | Bought 2 potions of curing for 60 gold pieces
  2832 | D:4      | 2832 ||| BUYING 2 potions of curing (60 gold).
  2832 | D:4      | Bought 2 potions of curing for 60 gold pieces
  2832 | D:4      | 2832 ||| BUYING potion of curing (30 gold).
  2832 | D:4      | Bought a potion of curing for 30 gold pieces
  2832 | D:4      | 2832 ||| SHOPLISTING potion of curing (30 gold, have 15).
  2832 | D:4      | 2832 ||| SHOPLISTING potion of enlightenment (50 gold, have
                  | 15).
  2832 | D:4      | 2832 ||| SHOPLISTING potion of heal wounds (50 gold, have
                  | 15).
  2834 | D:4      | Found Deomn's Magic Scroll Shoppe.
  2842 | D:4      | 2842 ||| SHOPLISTING amulet of Haj Onn {Spirit Fly rF+
                  | Stlth+} (635 gold, have 15).
  2842 | D:4      | 2842 ||| SHOPLISTING amulet of faith (520 gold, have 15).
  2842 | D:4      | 2842 ||| SHOPLISTING ring of ice (325 gold, have 15).
  2842 | D:4      | 2842 ||| SHOPLISTING ring of protection from cold (325
                  | gold, have 15).
  2842 | D:4      | 2842 ||| SHOPLISTING ring of see invisible (195 gold, have
                  | 15).
  2842 | D:4      | 2842 ||| SHOPLISTING ring of willpower (325 gold, have 15).
  2852 | D:4      | 2852 ||| SHOPLISTING scroll of enchant armour (90 gold,
                  | have 15).
  2852 | D:4      | 2852 ||| SHOPLISTING scroll of identify (24 gold, have 15).
  2993 | D:4      | Identified the +2 barding "Roopn" {rElec Str-3 Int+5 Dex+8}
  3150 | D:4      | Reached XP level 7. HP: 34/42 MP: 8/8
  3276 | D:4      | 3276 ||| READING scroll of enchant weapon.
  3276 | D:4      | 3276 ||| ENCHANTING +1 arbalest of draining.
  3277 | D:4      | 3277 ||| READING 2 scrolls labelled CEONTO KONIGECK.
  3280 | D:4      | 3280 ||| DRINKING 2 fuming cyan potions.
  3280 | D:4      | Gained mutation: Your flesh is cold resistant. (rC+)
                  | [potion of mutation]
  3280 | D:4      | Gained mutation: You have a pair of small antennae on your
                  | head. [potion of mutation]
  3281 | D:4      | 3281 ||| DROPPING +0 helmet.
  3282 | D:4      | 3282 ||| READING 2 scrolls of identify.
  3282 | D:4      | 3282 ||| IDENTIFYING inky potion
  3283 | D:4      | 3283 ||| DROPPING potion of brilliance.
  3287 | D:5      | Entered Level 5 of the Dungeon
  3303 | D:5      | Noticed Menkaure
  3304 | D:5      | 3304 ||| FLEEEEING.
  3305 | D:5      | 3305 ||| FLEEEEING.
  3313 | D:5      | 3313 ||| STAIRDANCE
  3337 | D:5      | Killed Menkaure
  3337 | D:5      | Reached * piety under Okawaru
  3397 | D:5      | Reached skill level 1 in Invocations
  3462 | D:5      | 3462 ||| INVOKING Heroism.
  3524 | D:5      | Reached skill level 7 in Ranged Weapons
  3526 | D:5      | Found a broken altar of Ashenzari.
  3555 | D:5      | 3555 ||| INVOKING Heroism.
  3561 | D:5      | Reached skill level 3 in Invocations
  3561 | D:5      | Reached XP level 8. HP: 29/48 MP: 6/10
  4032 | D:5      | 4032 ||| READING 2 scrolls of identify.
  4032 | D:5      | 4032 ||| IDENTIFYING smoky orange potion
  4058 | D:6      | 4058 ||| INVOKING Heroism.
  4063 | D:6      | 4063 ||| Stepping ~*~*~tactically~*~*~ (outnumbered).
  4092 | D:6      | 4092 ||| INVOKING Heroism.
  4098 | D:6      | Reached skill level 8 in Ranged Weapons
  4130 | D:6      | 4130 ||| INVOKING Heroism.
  4208 | D:6      | 4208 ||| INVOKING Heroism.
  4318 | D:6      | Noticed Eustachio
  4319 | D:6      | 4319 ||| INVOKING Heroism.
  4323 | D:6      | Killed Eustachio
  4325 | D:6      | Reached skill level 9 in Ranged Weapons
  4325 | D:6      | Reached XP level 9. HP: 54/54 MP: 9/12
  4334 | D:6      | Noticed Grinder
  4338 | D:6      | Killed Grinder
  4339 | D:6      | Reached skill level 3 in Dodging
  4341 | D:6      | 4341 ||| INVOKING Heroism.
  4396 | D:6      | 4396 ||| INVOKING Heroism.
  4546 | D:6      | 4546 ||| INVOKING Heroism.
  4551 | D:6      | Reached skill level 6 in Fighting
  4648 | D:6      | 4648 ||| READING 2 scrolls labelled NUIFON IFUSUGH.
  4649 | D:6      | 4649 ||| READING scroll labelled KUBAIGIRRA.
  4650 | D:6      | 4650 ||| DRINKING 2 green potions.
  4651 | D:6      | 4651 ||| READING 2 scrolls of identify.
  4651 | D:6      | 4651 ||| IDENTIFYING glowing sapphire potion
  4652 | D:6      | 4652 ||| DROPPING potion of attraction.
  4653 | D:6      | 4653 ||| DROPPING scroll of vulnerability.
  4654 | D:6      | 4654 ||| DROPPING potion of degeneration.
  4679 | D:7      | 4679 ||| INVOKING Heroism.
  4894 | D:7      | 4894 ||| Stepping ~*~*~tactically~*~*~ (outnumbered).
  4896 | D:7      | 4896 ||| Stepping ~*~*~tactically~*~*~ (outnumbered).
  4898 | D:7      | 4898 ||| INVOKING Heroism.
  4976 | D:7      | Reached skill level 10 in Ranged Weapons
  5245 | D:7      | Found a glowing golden altar of the Shining One.
  5255 | D:7      | Found an opulent altar of Gozag.
  5256 | D:7      | 5256 ||| UPGRADING to +2 pair of gloves of stealth.
  5344 | D:8      | Reached skill level 3 in Armour
  5347 | D:8      | 5347 ||| INVOKING Heroism.
  5349 | D:8      | 5349 ||| Stepping ~*~*~tactically~*~*~ (cloud).
  5351 | D:8      | 5351 ||| Stepping ~*~*~tactically~*~*~ (cloud).
  5353 | D:8      | 5353 ||| Stepping ~*~*~tactically~*~*~ (cloud).
  5390 | D:8      | Found a bloodstained altar of Trog.
  5492 | D:8      | 5492 ||| INVOKING Heroism.
  5498 | D:8      | HP: 10/57 [yak (6)]
  5499 | D:8      | 5499 ||| READING 3 scrolls of teleportation.
  5500 | D:8      | 5500 ||| DRINKING 2 potions of heal wounds.
  5503 | D:8      | 5503 ||| DRINKING potion of heal wounds.
  5631 | D:8      | Reached XP level 10. HP: 47/63 MP: 13/13
  5737 | D:8      | 5737 ||| READING scroll of brand weapon.
  5737 | D:8      | 5737 ||| BRANDING +2 arbalest of draining.
  5918 | D:8      | Reached skill level 11 in Ranged Weapons
  5948 | D:8      | Reached ** piety under Okawaru
  6206 | D:8      | 6206 ||| INVOKING Heroism.
  6351 | D:8      | 6351 ||| READING 2 scrolls of identify.
  6351 | D:8      | 6351 ||| IDENTIFYING orange potion
  6393 | D:9      | 6393 ||| STAIRDANCE
  6431 | D:9      | 6431 ||| STAIRDANCE
  6498 | D:9      | 6498 ||| STAIRDANCE
  6584 | D:9      | Paralysed by a gnoll for 4 turns
  6592 | D:9      | 6592 ||| INVOKING Heroism.
  6598 | D:9      | HP: 14/64 [gnoll sergeant/+0 spear (6)]
  6598 | D:9      | HP: 5/64 [gnoll/+0 halberd[a gnoll sergeant] (9)]
  6599 | D:9      | 6599 ||| READING 3 scrolls of teleportation.
  6803 | D:9      | Noticed Psyche
  6804 | D:9      | 6804 ||| INVOKING Heroism.
  6806 | D:9      | Killed Psyche
  6956 | D:9      | Noticed Maggie
  6970 | D:9      | 6970 ||| INVOKING Heroism.
  6976 | D:9      | Killed Maggie
  6977 | D:9      | Reached skill level 12 in Ranged Weapons
  7184 | D:9      | Found Erephy Kuch's Demolitions Depot.
  7194 | D:9      | Noticed Maurice
  7219 | D:9      | Killed Maurice
  7219 | D:9      | Reached *** piety under Okawaru
  7558 | D:9      | 7558 ||| UPGRADING to +0 swamp dragon scales.
  7568 | D:9      | 7568 ||| DROPPING +0 ring mail.
  7569 | D:9      | 7569 ||| READING scroll labelled UPPE LASILING.
  7570 | D:9      | 7570 ||| READING scroll labelled GYONGU HANAJI.
  7571 | D:9      | 7571 ||| READING scroll labelled AVOPEY NEBB.
  7572 | D:9      | 7572 ||| DRINKING 2 purple potions.
  7677 | D:9      | 7677 ||| DROPPING potion of berserk rage.
  7700 | D:10     | Entered Level 10 of the Dungeon
  7711 | D:10     | Noticed a white ugly thing
  7716 | D:10     | Noticed a two-headed ogre
  7717 | D:10     | 7717 ||| INVOKING Heroism.
  7718 | D:10     | Killed a white ugly thing
  7724 | D:10     | HP: 13/64 [two-headed ogre/+0 giant club (16)]
  7725 | D:10     | 7725 ||| READING 2 scrolls of teleportation.
  7726 | D:10     | Killed a two-headed ogre
  7726 | D:10     | Reached **** piety under Okawaru
  7727 | D:10     | Reached skill level 13 in Ranged Weapons
  7727 | D:10     | Reached XP level 11. HP: 7/68 MP: 12/14
  7728 | D:10     | 7728 ||| READING scroll of teleportation.
  7729 | D:10     | 7729 ||| INVOKING Heroism.
  7730 | D:10     | 7730 ||| Stepping ~*~*~tactically~*~*~ (outnumbered).
  7993 | D:10     | Found a staircase to the Lair.
  8034 | D:10     | 8034 ||| INVOKING Heroism.
  8038 | D:10     | 8038 ||| Stepping ~*~*~tactically~*~*~ (cloud).
  8077 | D:10     | 8077 ||| INVOKING Heroism.
  8307 | D:10     | 8307 ||| PLANNING LAIR
  8307 | D:10     | 8307 ||| UPGRADING to +1 pair of boots.
  8312 | D:10     | 8312 ||| UPGRADING to +0 troll leather armour.
  8322 | D:10     | 8322 ||| DROPPING +0 swamp dragon scales.
  8323 | D:10     | 8323 ||| READING 2 scrolls of identify.
  8323 | D:10     | 8323 ||| IDENTIFYING silvery potion
  8358 | Lair:1   | Entered Level 1 of the Lair of Beasts
  8371 | Lair:1   | 8371 ||| INVOKING Heroism.
  8380 | Lair:1   | Reached skill level 9 in Fighting
  8405 | Lair:1   | 8405 ||| INVOKING Heroism.
  8535 | Lair:1   | Found a runed translucent door.
  8540 | Lair:1   | Noticed qw's ghost (journeyman MiHs)
  8645 | Lair:1   | 8645 ||| INVOKING Heroism.
  8803 | Lair:1   | Reached skill level 6 in Invocations
  8832 | Lair:1   | 8832 ||| INVOKING Heroism.
  9040 | Lair:1   | 9040 ||| INVOKING Heroism.
  9256 | Lair:1   | 9256 ||| READING 5 scrolls of identify.
  9256 | Lair:1   | 9256 ||| IDENTIFYING lumpy brown potion
  9257 | Lair:1   | 9257 ||| DROPPING potion of invisibility.
  9309 | Lair:2   | 9309 ||| INVOKING Heroism.
  9393 | Lair:2   | Noticed a death yak
  9393 | Lair:2   | Noticed a death yak
  9393 | Lair:2   | Noticed a death yak
  9394 | Lair:2   | 9394 ||| INVOKING Heroism.
  9394 | Lair:2   | Noticed a death yak
  9395 | Lair:2   | Noticed a death yak
  9395 | Lair:2   | Noticed a death yak
  9398 | Lair:2   | Noticed a skyshark
  9403 | Lair:2   | Killed a death yak
  9409 | Lair:2   | Killed a death yak
  9409 | Lair:2   | Reached ***** piety under Okawaru
  9410 | Lair:2   | Reached skill level 14 in Ranged Weapons
  9410 | Lair:2   | Reached XP level 12. HP: 44/76 MP: 17/17
  9410 | Lair:2   | 9410 ||| INVOKING Finesse.
  9411 | Lair:2   | 9411 ||| INVOKING Finesse.
  9415 | Lair:2   | HP: 11/76 [death yak (10)]
  9416 | Lair:2   | 9416 ||| READING scroll of teleportation.
  9416 | Lair:2   | HP: 4/76 [death yak (9)]
  9417 | Lair:2   | 9417 ||| DRINKING potion of heal wounds.
  9425 | Lair:2   | Killed a skyshark
  9428 | Lair:2   | HP: 5/76 [death yak (16)]
  9428 | Lair:2   | Slain by a death yak

Levels and vault maps discovered:
D:1:      dpeg_arrival_arbitrary_c, layout_basic, minmay_misc_feat_alley,
          chequers_hall_statues_corner_a, minmay_splitting_lines,
          minmay_heptomino_o4
D:2:      layout_loops_ring, basic_altar, dreamdust_princess_corridor,
          uniq_jessica, uniq_natasha, uniq_robin
D:3:      layout_loops_corners
D:4:      layout_loops_cross, lemuel_tele_altar, minmay_temple_entry_slanted,
          minmay_shop_grid_forest
D:5:      layout_basic, ashenzari_conservatory_becter, uniq_menkaure
D:6:      layout_layer_cave, grunt_ministairs_6, minivault_4, uniq_eustachio,
          uniq_grinder
D:7:      layout_loops_cross, mainiacjoe_overflow_big_doors
D:8:      layout_gridville, trog_three_pillars_becter, nicolae_underground_beach
D:9:      layout_small_grid, nicolae_blasting_shop, uniq_maurice, uniq_psyche,
          uniq_maggie
D:10:     nicolae_hitomezashi [nicolae_hito_row, nicolae_hito_row,
          nicolae_hito_row, nicolae_hito_row, nicolae_hito_row,
          nicolae_hito_row, nicolae_hito_row, nicolae_hito_row,
          nicolae_hito_row, nicolae_hito_row, nicolae_hito_row,
          nicolae_hito_row, nicolae_hito_row, nicolae_hito_row,
          nicolae_hito_row, nicolae_hito_row, nicolae_hito_row,
          nicolae_hito_row], layout_rooms
Temple:   sentei_temple_godly_chess
Lair:1:   layout_cave_pods, hellmonk_ghost_happy_afterlife, beast_lair_carwin_1
Lair:2:   layout_roguey, chequers_serial_rivers_micro_e, lemuel_fruit_fields,
          grunt_megastairs_3

Skill      XL: |  1  2  3  4  5  6  7  8  9 10 11 12 |
---------------+-------------------------------------+-----
Ranged Weapons | 3 4 5 6 7 9 10 13 14 | 14.0
Fighting       | 2 3 4 5 7 8 9 |  9.3
Armour         | 1 2 3 5 |  5.3
Invocations    | 3 4 7 8 |  8.3
Dodging        | 3 4 |  4.0
Spellcasting   | |  1.0
Hexes          | |  2.6

Action                     |  1- 3 |  4- 6 |  7- 9 | 10-12 || total
---------------------------+-------+-------+-------+-------++-------
   Fire: Sling             |    14 |       |       |       ||    14
         Arbalest          |    54 |   129 |   182 |   305 ||   670
 Invoke: Heroism           |       |       |    14 |    15 ||    29
         Finesse           |       |       |       |     1 ||     1
    Use: Scroll            |     2 |     3 |     8 |    11 ||    24
         Potion            |     1 |     2 |     4 |     2 ||     9
 Armour: Robe              |     7 |       |       |       ||     7
         Leather armour    |     3 |    33 |       |       ||    36
         Ring mail         |       |     4 |    54 |    53 ||   111
         Swamp dragon scal |       |       |       |    10 ||    10
         Troll leather arm |       |       |       |    56 ||    56
  Dodge: Dodged            |    18 |    39 |    71 |   180 ||   308

Table legend:
 A = Non-vault XP
 B = Vault XP
 C = Vault XP percentage of total XP
 D = Non-vault monster count
 E = Vault monster count
 F = Vault count percentage of total count
                 A         B        C        D         E       F
            +---------+---------+-------+---------+---------+-------
      Total |   13834 |    6101 |  30.6 |     209 |      30 |  12.6
            +---------+---------+-------+---------+---------+-------
        D:1 |      28 |       2 |   6.7 |      15 |       1 |   6.2
        D:2 |      23 |      99 |  81.1 |      12 |       9 |  42.9
        D:3 |     149 |       0 |   0.0 |      26 |       0 |   0.0
        D:4 |     411 |       0 |   0.0 |      18 |       0 |   0.0
        D:5 |     527 |     165 |  23.8 |      14 |       1 |   6.7
        D:6 |    1187 |     555 |  31.9 |      19 |       4 |  17.4
        D:7 |     762 |       0 |   0.0 |      16 |       0 |   0.0
        D:8 |    1846 |       0 |   0.0 |      23 |       0 |   0.0
        D:9 |    1516 |    1198 |  44.1 |      29 |       3 |   9.4
       D:10 |    2298 |       0 |   0.0 |      15 |       0 |   0.0
     Lair:1 |    3591 |    1719 |  32.4 |      16 |       9 |  36.0
     Lair:2 |    1496 |    2363 |  61.2 |       6 |       3 |  33.3
            +---------+---------+-------+---------+---------+-------
